 Dungeon Crawl Stone Soup version 0.24.0-13-gcf9b3192b9 (webtiles) character file.

Game seed: 16301216458186381085, levelgen mode: deterministic

11663 Gumption the Spear-Bearer (level 11, 0/90 HPs)
             Began as a Merfolk Gladiator on Nov 6, 2019.
             Was a High Priest of the Shining One.
             Slain by a death knight
             ... wielding a +0 halberd
              (29 damage)
             ... on level 11 of the Dungeon.
             The game lasted 01:25:13 (12908 turns).

Gumption the Spear-Bearer (Merfolk Gladiator)      Turns: 12908, Time: 01:25:13

Health: 0/90       AC: 12    Str: 17    XL:     11   Next: 81%
Magic:  14/14      EV: 11    Int:  8    God:    the Shining One [*****.]
Gold:   422        SH: 25    Dex: 16    Spells: 10/10 levels left

rFire    + . .     SeeInvis .   a - +0 trident
rCold    . . .     Gourm    .   u - +0 large shield
rNeg     + + .     Faith    .   z - +3 scale mail
rPois    +         Spirit   .   c - +1 helmet
rElec    .         Reflect  .   Q - scarf {repulsion}
rCorr    .         Harm     .   (no gloves)
MR       .....                  s - +0 pair of boots
Stlth    ..........             (no amulet)
HPRegen  0.25/turn              p - ring of protection from fire
MPRegen  0.14/turn              N - ring of poison resistance

@: divine shield, slowed, glowing, repel missiles, very slow
A: change form in water, swift swim, stealthy swim
a: Divine Shield, Cleansing Flame, Summon Divine Warrior, Renounce Religion


You were on level 11 of the Dungeon.
You worshipped the Shining One.
The Shining One was extremely pleased with you.
You were not hungry.

You visited 2 branches of the dungeon, and saw 12 of its levels.
You also visited: Ossuary.

You collected 422 gold pieces.

Inventory:

Hand Weapons
 a - a +0 trident (weapon)
 b - a +0 hunting sling
 P - the +9 great sword of Gluttony {venom, *Rage Dex+7}
   (You found it on level 8 of the Dungeon)

   It poisons the flesh of those it strikes.
   It affects your dexterity (+7).
   It may make you go berserk in combat.
Missiles
 d - 4 throwing nets
 g - 49 sling bullets
 j - 183 stones
 x - 8 atropa-tipped darts
 y - 8 poisoned darts (quivered)
 E - 7 boomerangs
Armour
 c - a +1 helmet (worn)
 q - a +0 troll leather armour
 s - a +0 pair of boots (worn)
 t - a +0 chain mail
 u - a +0 large shield (worn)
 z - a +3 scale mail (worn)
 Q - a scarf of repulsion (worn)
Jewellery
 p - a ring of protection from fire (left hand)
 v - an uncursed ring of fire
 N - a ring of poison resistance (right hand)
Wands
 e - a wand of disintegration (21)
 l - a wand of enslavement (19)
 w - a wand of paralysis (8)
 A - a wand of scattershot (4)
 F - a wand of flame (29)
 L - a wand of acid (7)
 O - a wand of iceblast (7)
Scrolls
 k - 2 scrolls of teleportation
 m - 3 scrolls of enchant armour
 r - a scroll of fog
 B - a scroll of blinking
 K - a scroll of immolation
 M - a scroll of magic mapping
Potions
 h - a potion of might
 i - 4 potions of brilliance
 n - 6 potions of flight
 o - 3 potions of heal wounds
 C - 2 potions of curing
 D - a potion of invisibility
 G - a potion of mutation
 H - a potion of agility
 I - 2 potions of haste
Comestibles
 f - 17 rations
 J - 10 chunks of flesh


   Skills:
 + Level 9.6 Fighting
 - Level 14.0 Polearms
 - Level 2.0 Throwing
 + Level 7.5 Dodging
 * Level 11.1 Shields
 + Level 5.0 Invocations


You had 10 spell levels left.
You didn't know any spells.
Your spell library contained the following spells:

 Spells                   Type           Power        Failure   Level  Hunger
 Poisonous Vapours        Pois/Air       #.....       100%        2    ###....
 Conjure Flame            Conj/Fire      #.......     100%        3    ####...
 Mephitic Cloud           Conj/Pois/Air  #.......     100%        3    ####...
 Freezing Cloud           Conj/Ice/Air   #.........   100%        6    #######
 Ring of Flames           Chrm/Fire      #.........   100%        7    #######


Dungeon Overview and Level Annotations

Branches:
Dungeon (12/15)            Temple (1/1) D:7            Lair (0/6) D:9
Ossuary (visited)
    Orc: D:9-12

Altars:
Ashenzari
Cheibriados
Dithmenos
Elyvilon
Fedhas
Gozag
Hepliaklqana
Kikubaaqudgha
Makhleb
Nemelex Xobeh
Okawaru
Qazlal
Ru
Sif Muna
Uskayaw
Vehumet
Wu Jian
Xom
Yredelemnul
Zin
The Shining One

Annotations:
D:3 2 transporters, Delamore's ghost, amateur HOMo
D:6 2 transporters


Message History

The freezing wraith hits you. The freezing wraith drains your vigour!
You feel yourself slow down.
You hit the freezing wraith but do no damage.
The freezing wraith is severely damaged.
You block the death knight's attack. The freezing wraith hits you.
The freezing wraith freezes you!! You block the freezing wraith's attack.
You are too injured to fight recklessly!
You are too injured to fight recklessly!
You see here 4 large rocks.
You block the freezing wraith's attack. The freezing wraith hits you.
* * * LOW HITPOINT WARNING * * *
The freezing wraith drains your vigour!
You feel as though you will be slow longer.
You block the death knight's attack.
You see here a large rock.
The death knight's dark mirror aura disappears.
You block the freezing wraith's attack. x2
You block the death knight's attack.
The death knight hits you from afar with a +0 halberd!!
You die...

.......#
#...§.§§§...#########
.......#
###≈...§.≈#.........#
..#..###
#≈≈.§.≈≈#########.#
.>##.#
#≈≈..≈≈≈#.(.....#.##
.....#
####.####(####......
..≈..#
###...W.W....#..##..
≈⌠...#
####.....###..###..#.).
≈≈≈..# #......#p#
#.......#).. ....##
#.....@..# #..).....[.[
#####
#.....######.#.##.###..
#.....'.........#.# ###
#.....######.####.#
####)#######......####
#[)#≈≈≈≈≈≈≈≈≈≈≈≈÷≈##
#.....####..######≈#
##....#..#..# .#≈#
#≈....##.#..# ..#≈#


You could see a death knight.

Vanquished Creatures
  3 cyclopes (D:11)
  2 ugly things (D:11)
  A komodo dragon (D:11)
  4 trolls
  A hornet (D:8)
  Prince Ribbit (D:5)
  3 hippogriffs
  Sigmund (D:4)
  A shadow (D:11)
  2 wraiths (D:11)
  3 yaks (D:11)
  Eustachio (D:6)
  A wyvern (D:11)
  2 hungry ghosts (D:11)
  Menkaure (Ossuary)
  5 swamp worms (D:8)
  2 soldier ants (D:8)
  Duvessa (D:4)
  A hornet zombie (D:11)
  A water moccasin (D:8)
  A sky beast (D:5)
  4 ice beasts
  2 black bears (D:9)
  3 orc warriors
  3 phantoms
  4 ogres
  4 wolves
  A crocodile (D:9)
  2 centaurs (D:8)
  2 big kobolds
  3 bullfrogs
  A gnoll sergeant (D:6)
  Dowan (D:4)
  A scorpion (D:11)
  A water moccasin skeleton (D:8)
  A howler monkey (D:6)
  A wight (D:11)
  2 crimson imps
  5 centaur zombies
  A bullfrog zombie (D:12)
  7 orc priests
  9 hounds
  3 jellies
  8 orc wizards
  2 bullfrog skeletons
  2 centaur skeletons
  2 iguanas (D:11)
  Natasha (thrice) (D:4)
  8 worker ants
  3 ogre zombies (Ossuary)
  A bullfrog simulacrum (D:11)
  6 mummies (Ossuary)
  A hound zombie (D:7)
  A worker ant zombie (D:7)
  14 adders
  3 gnolls (D:6)
  2 hound simulacra (D:11)
  4 shadow imps
  3 white imps (D:11)
  3 oozes
  6 adder zombies
  An adder skeleton (D:8)
  3 worms
  A dart slug (D:2)
  2 leopard geckos
  36 orcs
  A ball python (D:2)
  6 giant cockroaches
  14 goblins
  14 hobgoblins
  15 jackals
  2 quokkas
  6 bats
  7 frilled lizards
  5 goblin zombies (Ossuary)
  4 hobgoblin zombies (Ossuary)
  13 kobolds
  5 kobold zombies (Ossuary)
  An orc zombie (Ossuary)
  A quokka skeleton (D:5)
  3 quokka zombies (Ossuary)
  6 rats
  2 rat zombies (Ossuary)
319 creatures vanquished.

Vanquished Creatures (others)
  An orc (D:8)
  2 plants (D:8)
3 creatures vanquished.

Grand Total: 322 creatures vanquished

Notes
Turn   | Place    | Note
-------+----------+-------------------------------------------
     0 | D:1      | Gumption the Merfolk Gladiator began the quest for the Orb.
     0 | D:1      | Reached XP level 1. HP: 16/16 MP: 1/1
   280 | D:1      | Reached skill level 5 in Polearms
   280 | D:1      | Reached XP level 2. HP: 23/23 MP: 2/2
   719 | D:1      | Reached XP level 3. HP: 28/28 MP: 3/3
  1120 | D:2      | Reached skill level 6 in Polearms
  1173 | D:2      | Found a glowing golden altar of the Shining One.
  1191 | D:2      | Became a worshipper of the Shining One
  1335 | D:2      | Found a faded altar of an unknown god.
  1359 | D:2      | Reached XP level 4. HP: 33/35 MP: 4/4
  2498 | D:3      | Reached skill level 7 in Polearms
  2498 | D:3      | Reached XP level 5. HP: 8/41 MP: 5/5
  2506 | D:3      | HP: 1/42 [orc priest/divine providence (8)]
  2949 | D:3      | Found a transporter.
  2953 | D:3      | Noticed Delamore's ghost (amateur HOMo)
  2967 | D:3      | Found a transporter.
  3011 | D:3      | Reached skill level 8 in Polearms
  3011 | D:3      | Reached XP level 6. HP: 42/48 MP: 6/6
  3070 | D:3      | Reached skill level 1 in Shields
  3150 | D:2      | Found a hazy altar of Hepliaklqana.
  3209 | D:3      | Found a sacrificial altar of Ru.
  3854 | D:4      | Noticed Sigmund
  3864 | D:4      | Killed Sigmund
  3864 | D:4      | Reached XP level 7. HP: 54/55 MP: 7/7
  4132 | D:4      | Reached skill level 9 in Polearms
  4795 | D:4      | Reached skill level 5 in Fighting
  4807 | D:4      | Reached * piety under the Shining One
  4810 | D:4      | Noticed Natasha
  4818 | D:4      | Killed Natasha
  4978 | D:4      | Noticed Natasha
  4984 | D:4      | Killed Natasha
  5030 | D:4      | Noticed Natasha
  5041 | D:4      | Killed Natasha
  5064 | D:4      | Noticed Duvessa
  5072 | D:4      | Noticed Dowan
  5078 | D:4      | Killed Duvessa
  5078 | D:4      | Reached skill level 10 in Polearms
  5078 | D:4      | Reached XP level 8. HP: 56/62 MP: 8/8
  5093 | D:4      | Killed Dowan
  5280 | D:5      | Entered Level 5 of the Dungeon
  5785 | D:5      | Found an iron altar of Okawaru.
  5786 | D:5      | Found a glowing golden altar of the Shining One.
  6024 | D:5      | Noticed Prince Ribbit
  6050 | D:5      | Reached skill level 5 in Shields
  6253 | D:5      | Reached skill level 11 in Polearms
  6483 | D:5      | Killed Prince Ribbit
  6706 | D:6      | Reached XP level 9. HP: 56/69 MP: 9/9
  6733 | D:6      | Reached ** piety under the Shining One
  6788 | D:6      | Found a transporter.
  7102 | D:6      | Noticed Eustachio
  7120 | D:6      | Killed Eustachio
  7120 | D:6      | Reached skill level 12 in Polearms
  7287 | D:6      | Found a transporter.
  7485 | D:7      | Found a sand-covered staircase.
  7492 | Ossuary  | Entered an ossuary
  7583 | Ossuary  | Reached *** piety under the Shining One
  7820 | Ossuary  | Reached **** piety under the Shining One
  7870 | Ossuary  | Noticed Menkaure
  7894 | Ossuary  | Killed Menkaure
  8183 | D:7      | Found a staircase to the Ecumenical Temple.
  8218 | D:7      | Reached skill level 13 in Polearms
  8270 | D:7      | Found a radiant altar of Vehumet.
  8488 | D:7      | Reached ***** piety under the Shining One
  8597 | Temple   | Entered the Ecumenical Temple
  8677 | D:7      | Noticed a troll
  8687 | D:7      | Killed a troll
  8687 | D:7      | Reached XP level 10. HP: 32/79 MP: 10/10
  9108 | D:8      | Found a white marble altar of Elyvilon.
  9710 | D:8      | Reached skill level 14 in Polearms
 10459 | D:8      | Reached skill level 1 in Invocations
 10500 | D:8      | Got a polished great sword
 10705 | D:8      | Identified the +9 great sword of Gluttony {venom, *Rage
                  | Dex+7} (You found it on level 8 of the Dungeon)
 10980 | D:9      | Found a glowing silver altar of Zin.
 11002 | D:9      | Reached skill level 5 in Dodging
 11085 | D:9      | Found a staircase to the Lair.
 11184 | D:9      | Found a burning altar of Makhleb.
 11224 | D:9      | You fall into a shaft and drop 2 floors!
 11240 | D:11     | Reached XP level 11. HP: 77/87 MP: 11/13
 11281 | D:11     | Noticed a cyclops
 11285 | D:11     | Reached skill level 10 in Shields
 11285 | D:11     | Noticed a green ugly thing
 11306 | D:11     | Killed a cyclops
 11331 | D:11     | Killed a green ugly thing
 11354 | D:11     | HP: 4/89 [hornet zombie (8)]
 11534 | D:11     | Noticed a cyclops
 11611 | D:11     | Killed a cyclops
 11787 | D:11     | Noticed a purple ugly thing
 11818 | D:11     | Killed a purple ugly thing
 12213 | D:11     | Noticed a cyclops
 12244 | D:11     | Killed a cyclops
 12573 | D:11     | You fall into a shaft and drop 1 floor!
 12598 | D:12     | Found a stormy altar of Qazlal.
 12852 | D:11     | Reached skill level 5 in Invocations
 12858 | D:11     | Noticed a death knight
 12908 | D:11     | Slain by a death knight

Levels and vault maps discovered:
D:1:      dpeg_arrival_boxes_within_box, layout_basic,
          chequers_serial_rivers_small_a
D:2:      layout_basic, nicolae_overflow_hidden_temple,
          chequers_ecumenical_altar_simple_redux, nicolae_tso_carved_into_rock
D:3:      layout_rooms, nicolae_ru_great_annihilating_truth,
          gammafunk_ghost_arena
D:4:      cheibrodos_quashed, layout_cave_pods, st_stairs_11, uniq_duvessa,
          uniq_sigmund, uniq_natasha
D:5:      layout_gridville, gammafunk_temple_overflow_statue, first_ration,
          nrook_pool_corridor, uniq_prince_ribbit1
D:6:      gammafunk_steamed_eel, layout_rooms, uniq_eustachio
D:7:      layout_gridville, vehumet_altar_wand_db,
          minmay_temple_entry_statues_fountains,
          lightli_ossuary_entry_decrepit_ruins
D:8:      layout_rooms, elyvilon_altar_5, hangedman_pestilent_swarm,
          worms_lemuel
D:9:      layout_loops_ring, bloody_makhleb, lemuel_doored_altar,
          kennysheep_mini, erik_lair_island, basic_altar,
          chequers_serial_rivers_micro_b, david_defended_altar_orc
D:11:     cheibrodos_ideogram_h, layout_basic, serial_ice, serial_ice_h,
          serial_ice_i, serial_ice_m, serial_ice_n, serial_ice_f,
          hangedman_decor_opposing, corexii_leaking_fountain
D:12:     layout_roguey, chequers_serial_rivers_room_a,
          nicolae_qazlal_style_of_elements
Temple:   cyrus_circular_temple

Skill      XL: |  1  2  3  4  5  6  7  8  9 10 11 |
---------------+----------------------------------+-----
Polearms       | 5 6 7 8 10 11 13 14 | 14.0
Fighting       | 3 4 5 6 7 8 9 |  9.6
Shields        | 2 4 6 7 9 11 | 11.1
Invocations    | 2 5 |  5.0
Dodging        | 5 7 |  7.5
Throwing       | |  2.0

Action                   |  1- 3 |  4- 6 |  7- 9 | 10-12 || total
-------------------------+-------+-------+-------+-------++-------
Melee: Trident           |    82 |   118 |   496 |   726 ||  1422
       Tailslap          |       |       |       |    18 ||    18
 Fire: Hunting sling     |       |    56 |    18 |       ||    74
Throw: Stone             |    48 |       |       |       ||    48
       Throwing net      |     1 |       |       |     1 ||     2
       Dart              |       |     7 |    90 |    53 ||   150
       Boomerang         |       |       |    18 |       ||    18
Invok: Divine Shield     |       |       |       |     9 ||     9
  Use: Scroll            |       |     5 |    16 |     2 ||    23
       Potion            |       |       |     3 |     2 ||     5
 Stab: Held in net/web   |     2 |       |       |       ||     2
  Eat: Chunk             |     1 |     8 |    13 |    13 ||    35
       Ration            |       |       |     1 |     1 ||     2
Armor: Leather armour    |     1 |       |       |       ||     1
       Ring mail         |    14 |       |       |       ||    14
       Chain mail        |     2 |    52 |    80 |       ||   134
       Scale mail        |       |       |       |   117 ||   117
       Troll leather arm |       |       |       |     1 ||     1
Dodge: Dodged            |    25 |    23 |    37 |   112 ||   197
       Deflected         |       |       |       |     2 ||     2
Block: Large shield      |       |    42 |   202 |   483 ||   727
